[Event "ICC tourney 2009 (45 10)"]
[Site "Internet Chess Club"]
[Date "2020.09.19"]
[Round "3"]
[White "michaelxiao"]
[Black "Jonjons"]
[Result "0-1"]
[ICCResult "White resigns"]
[WhiteElo "1360"]
[BlackElo "1747"]
[Opening "English: Caro-Kann defensive system"]
[ECO "A11"]
[NIC "EO.64"]
[Time "16:01:58"]
[TimeControl "2700+10"]

1. c4 c6 2. Nf3 d5 3. cxd5 cxd5 4. g3 Nc6 5. Bg2 Nf6 6. d4 Bf5 7. a3 e6 8.
Nc3 Be7 9. Bf4 Bg4 10. Rc1 Bxf3 11. Bxf3 Qb6 12. b4 Qxd4 13. Nb5 Qxd1+ 14.
Rxd1 O-O 15. O-O a6 16. Nd4 Nxd4 17. Rxd4 Rfc8 18. e4 dxe4 19. Bxe4 Nxe4 20.
Rxe4 b5 21. Rd4 Bf6 22. Rd7 Bb2 23. Rd3 Rc3 24. Rxc3 Bxc3 25. Bc1 Rd8 26.
Kg2 h6 27. Kf3 Kf8 28. Ke2 Bf6 29. Rd1 Rc8 30. Be3 Be7 31. Rc1 Rxc1 32. Bxc1
Ke8 33. Kd3 Kd7 34. Kd4 Kc6 35. f4 Bf6+ 36. Ke4 g6 37. f5 exf5+ 38. Kd3 h5
39. h4 Be5 40. Bf4 f6 41. Bxe5 fxe5 42. Ke3 Kd5 43. Kd3 f4 44. gxf4 exf4 45.
Ke2 Kc4 46. Kf3 Kb3 47. Kxf4 Kxa3 48. Kg5 Kxb4 49. Kxg6 a5 50. Kxh5 a4 51.
Kg6 a3 52. h5 a2 53. h6 a1=Q 54. h7 Kc5 55. Kf7 b4 {White resigns} 0-1

[Event "ICC tourney 2009 (45 10)"]
[Site "Internet Chess Club"]
[Date "2020.09.19"]
[Round "3"]
[White "spamazing26"]
[Black "speedyplot"]
[Result "1-0"]
[ICCResult "Black resigns"]
[WhiteElo "1831"]
[BlackElo "1701"]
[Opening "Bogo-Indian defense"]
[ECO "E11"]
[NIC "QI.01"]
[Time "16:01:45"]
[TimeControl "2700+10"]

1. d4 Nf6 2. c4 e6 3. Nf3 Bb4+ 4. Bd2 Bxd2+ 5. Nbxd2 O-O 6. e3 h6 7. Bd3 b6
8. Qc2 Bb7 9. Ne4 Nc6 10. a3 Nxe4 11. Bxe4 f5 12. Bd3 Qf6 13. Rd1 Ne7 14. d5
exd5 15. cxd5 Bxd5 16. Qxc7 Qxb2 17. O-O Bxf3 18. gxf3 Qxa3 19. Qxd7 Rad8
20. Bc4+ Kh7 21. Qxd8 Rxd8 22. Rxd8 a5 23. Rfd1 a4 24. Re8 Kg6 25. Kg2 Qc5
26. Rd4 a3 27. Be6 Kf6 28. Ba2 Qc7 29. Rf8+ Kg5 30. Rf7 g6 31. Bc4 b5 32.
Be6 b4 33. Bc4 b3 34. Bxb3 Qb6 35. Bc4 Qb2 36. Rxe7 a2 37. Bxa2 Qxa2 38. Rd6
Qg8 39. Ree6 Qf7 40. Rxg6+ Qxg6 41. Rxg6+ Kxg6 42. Kg3 Kf6 43. Kf4 Ke6 44.
h4 Kf6 45. e4 fxe4 46. fxe4 h5 47. f3 Kg6 48. e5 Kf7 49. Kf5 Ke7 50. e6 Kf8
51. Kf6 Ke8 52. e7 Kd7 53. Kf7 {Black resigns} 1-0

[Event "ICC tourney 2009 (45 10)"]
[Site "Internet Chess Club"]
[Date "2020.09.19"]
[Round "3"]
[White "HarleyQueen8"]
[Black "ScoutViolet"]
[Result "1/2-1/2"]
[ICCResult "Game drawn by mutual agreement"]
[WhiteElo "1838"]
[BlackElo "1622"]
[Opening "QGD: exchange, positional line"]
[ECO "D35"]
[NIC "QO.16"]
[Time "16:01:51"]
[TimeControl "2700+10"]

1. d4 d5 2. c4 e6 3. Nc3 Nf6 4. cxd5 exd5 5. Bg5 Be6 6. e3 Nbd7 7. Bd3 Be7
8. Nge2 O-O 9. O-O c6 10. Qc2 h6 11. Bf4 Nh5 12. f3 Nxf4 13. Nxf4 Bg5 14.
Nce2 Rc8 15. e4 Qb6 16. exd5 cxd5 17. Bh7+ Kh8 18. Qd3 Ne5 19. Qe3 Nc4 20.
Qd3 Nxb2 21. Qd2 Nc4 22. Qd3 Ne5 23. Qe3 Nc4 24. Qd3 Bxf4 25. Nxf4 Ne5 26.
Qe3 Nxf3+ 27. Rxf3 Kxh7 28. Rg3 Qd6 29. Nh5 Rg8 30. Qd3+ Kh8 31. Qe3 Bf5 32.
Rf1 Bg6 33. Nf4 Bh7 34. Qb3 b6 35. Qxd5 Qxd5 36. Nxd5 Rcd8 37. Ne7 Rgf8 38.
d5 Be4 39. Ra3 a5 40. Rb3 Bxd5 41. Rxb6 Bxa2 42. Ra1 Be6
{Game drawn by mutual agreement}
1/2-1/2

[Event "ICC tourney 2009 (45 10)"]
[Site "Internet Chess Club"]
[Date "2020.09.19"]
[Round "3"]
[White "TigerSahi"]
[Black "bgl2011"]
[Result "1-0"]
[ICCResult "Black checkmated"]
[WhiteElo "1589"]
[BlackElo "1429"]
[Opening "QGD: exchange, positional line, 5...c6"]
[ECO "D35"]
[NIC "QO.16"]
[Time "16:02:26"]
[TimeControl "2700+10"]

1. d4 d5 2. c4 e6 3. Nc3 Nf6 4. cxd5 exd5 5. Bg5 c6 6. e3 Bf5 7. Bd3 Bxd3 8.
Qxd3 Be7 9. Nge2 O-O 10. O-O Nbd7 11. Rab1 h6 12. Bh4 Re8 13. f3 b6 14. e4
dxe4 15. fxe4 Nxe4 16. Qxe4 Bxh4 17. Qxc6 Rc8 18. Qf3 Qf6 19. Qg4 Qd8 20.
Rf3 Nf8 21. Rbf1 Rc7 22. Qh5 Qg5 23. Qxg5 Bxg5 24. Rd3 Rd7 25. d5 a5 26. Ng3
Ng6 27. d6 Red8 28. Nge4 f6 29. Nxg5 hxg5 30. Rfd1 Ne5 31. Rd4 Kf7 32. Na4
Rb8 33. Rd5 Ke6 34. Rb5 Rdb7 35. Nc3 Rd8 36. Ne4 Kf7 37. Nxg5+ fxg5 38. Rxe5
Kf6 39. Red5 Rbd7 40. Kf2 g6 41. Kg3 Rh8 42. h3 Rh5 43. Rb5 Rh4 44. Rxb6 Rf4
45. Rb5 a4 46. Rbd5 Kf7 47. R5d4 Rf6 48. Kg4 Rf5 49. Rd5 Kf6 50. Rxf5+ gxf5+
51. Kf3 Ke6 52. b3 axb3 53. axb3 Kf6 54. b4 Ke6 55. Ke3 Kf7 56. b5 Ke8 57.
b6 Kd8 58. Rd5 f4+ 59. Kd4 Rg7 60. Rb5 Kc8 61. Ke5 Kb7 62. Kf6 Rg8 63. d7
Rf8+ 64. Ke7 Rg8 65. d8=Q Rxd8 66. Kxd8 g4 67. hxg4 f3 68. gxf3 Kb8 69. b7
Ka7 70. b8=Q+ Ka6 71. Qb6# {Black checkmated} 1-0

[Event "ICC tourney 2009 (45 10)"]
[Site "Internet Chess Club"]
[Date "2020.09.19"]
[Round "3"]
[White "steinutz"]
[Black "CoastalJourney"]
[Result "1-0"]
[ICCResult "Black forfeits on time"]
[WhiteElo "1790"]
[BlackElo "1673"]
[Opening "Trompowsky attack (Ruth, Opocenský opening)"]
[ECO "A45"]
[NIC "QP.07"]
[Time "16:01:48"]
[TimeControl "2700+10"]

1. d4 Nf6 2. Bg5 e6 3. e3 Be7 4. Bd3 h6 5. Bh4 b6 6. Nd2 Bb7 7. Ngf3 d6 8.
Qe2 Nbd7 9. O-O-O Nd5 10. Bxe7 Qxe7 11. c3 O-O-O 12. Kb1 Kb8 13. Ba6 Rhe8
14. Bxb7 Kxb7 15. Nb3 N5f6 16. Qb5 Ka8 17. e4 e5 18. Rhe1 c5 19. d5 Nb8 20.
Nc1 Qd7 21. Qf1 Kb7 22. c4 Na6 23. Rd3 Nb4 24. Rb3 Na6 25. h3 Rc8 26. a3
Red8 27. Na2 Re8 28. Nc3 Ka8 29. g4 g5 30. Qg2 Rb8 31. Nd2 Rg8 32. Nf1 h5
33. f3 h4 34. Ne3 Ne8 35. Nf5 Ng7 36. Ne3 f6 37. Nb5 Nc7 38. a4 Nxb5 39.
axb5 Kb7 40. Ra3 Ra8 41. Ra6 Rgf8 42. Kc2 Rf7 43. Rea1 Kb8 44. R1a3 Ne8 45.
Qf1 Nc7 46. R6a4 Ne8 47. Qa1 Ng7 48. Ra6 Qb7 49. Qa2 Kc8 50. Kd3 Kd8 51. Qb1
Rc7 52. Qg1 Ke7 53. Ra2 Kf7 54. Qa1 Ke7 55. Nd1 Kd7 56. Nc3 Rcc8 57. Rxa7
Rxa7 58. Rxa7 Rc7 59. Rxb7 Rxb7 60. Qa6 Kc7 61. Na2 Kb8 62. b4 Ne8 63. bxc5
dxc5 64. Nc3 Nd6 65. Na4 Nc8 66. Nxc5 Ra7 67. Qxa7+ Kxa7 68. Nd7 Kb7 69.
Nxf6 Nd6 70. Nh7 Nf7 71. Nf8 Kc7 72. Ne6+ Kd7 73. Kc3 {Black forfeits on
time} 1-0

[Event "ICC tourney 2009 (45 10)"]
[Site "Internet Chess Club"]
[Date "2020.09.19"]
[Round "4"]
[White "che2468"]
[Black "wangfang75"]
[Result "0-1"]
[ICCResult "White checkmated"]
[WhiteElo "1491"]
[BlackElo "1890"]
[Opening "Queen's pawn: Chigorin variation"]
[ECO "D00"]
[NIC "QP.08"]
[Time "18:31:42"]
[TimeControl "2700+10"]

1. d4 d5 2. Nc3 e6 3. a3 c5 4. Bf4 Nc6 5. e3 cxd4 6. exd4 Qb6 7. Nb5 e5 8.
Bxe5 Nxe5 9. dxe5 Bc5 10. Qd2 Bd7 11. a4 a6 12. a5 Bxf2+ 13. Kd1 axb5 14.
axb6 Rxa1+ 15. Ke2 Bxb6 16. Qxd5 Bc6 17. Qb3 Ne7 18. Nf3 Nf5 19. e6 Bxf3+
20. Kd2 Rd1+ 21. Kc3 Ba5+ 22. Qb4 Bxb4+ 23. Kxb4 Be2 24. g4 Rxf1 25. Rxf1
Bxf1 26. gxf5 fxe6 27. fxe6 Ke7 28. b3 Kxe6 29. c4 bxc4 30. bxc4 Rc8 31. c5
Kd5 32. c6 Rxc6 33. Kb3 Kd4 34. Kb2 Kd3 35. Kb1 Kd2 36. Kb2 Rb6+ 37. Ka3 Kc3
38. Ka4 Bc4 39. Ka5 Ra6# {White checkmated} 0-1

[Event "ICC tourney 2009 (45 10)"]
[Site "Internet Chess Club"]
[Date "2020.09.19"]
[Round "4"]
[White "danaglin"]
[Black "che8642"]
[Result "0-1"]
[ICCResult "White resigns"]
[WhiteElo "1617"]
[BlackElo "1507"]
[Opening "Sicilian: closed"]
[ECO "B23"]
[NIC "SI.44"]
[Time "18:31:37"]
[TimeControl "2700+10"]

1. e4 c5 2. Nc3 e6 3. f4 d5 4. Nf3 Nc6 5. Bb5 Ne7 6. O-O a6 7. Be2 b5 8. d3
Bb7 9. Nh4 Nd4 10. f5 b4 11. Nb1 dxe4 12. dxe4 Nexf5 13. Nxf5 exf5 14. exf5
Qd5 15. Rf2 Be7 16. Bf4 Bh4 17. Bg3 Bg5 18. Qd3 O-O 19. Nd2 Rfe8 20. Rd1 Be3
21. Nf3 Bxf2+ 22. Kxf2 Rxe2+ 23. Qxe2 Nxe2 24. Rxd5 Nxg3 25. Rd7 Bxf3 26.
Kxg3 Be4 27. Rc7 Bxf5 28. Rxc5 Be6 29. a3 bxa3 30. bxa3 Rc8 31. Ra5 Rc6 32.
Kf4 h6 33. g3 Bc8 34. Rd5 Rxc2 35. h4 Be6 36. Rd6 Rc4+ 37. Ke5 Ra4
{White resigns}
0-1

[Event "ICC tourney 2009 (45 10)"]
[Site "Internet Chess Club"]
[Date "2020.09.19"]
[Round "4"]
[White "chessKingR"]
[Black "ybabji"]
[Result "1-0"]
[ICCResult "Black checkmated"]
[WhiteElo "1852"]
[BlackElo "1800"]
[Opening "King's Indian: Sämisch, orthodox, 7.d5 c6"]
[ECO "E88"]
[NIC "KI.41"]
[Time "18:31:25"]
[TimeControl "2700+10"]

1. d4 Nf6 2. c4 d6 3. Nc3 g6 4. e4 Bg7 5. f3 e5 6. d5 O-O 7. Be3 c6 8. Bd3
Bd7 9. Nge2 Na6 10. a3 cxd5 11. cxd5 Nc5 12. Bc2 a5 13. Bxc5 dxc5 14. a4 Ne8
15. b3 Bh6 16. O-O Be3+ 17. Kh1 Qh4 18. Qd3 Bd4 19. Nxd4 cxd4 20. Ne2 f5 21.
Qd2 f4 22. Bd3 Nf6 23. Rac1 Nh5 24. Qe1 Qg5 25. Qf2 Rac8 26. Rfd1 Rxc1 27.
Rxc1 Rc8 28. Rxc8+ Bxc8 29. Bb5 Qe7 30. Bc4 Kf8 31. Qe1 b6 32. Nc1 Nf6 33.
Nd3 Nd7 34. Qc1 Nc5 35. Bb5 Bd7 36. Nxc5 Qxc5 37. Qxc5+ bxc5 38. Bxd7 c4 39.
Bb5 cxb3 40. Bd3 Ke7 41. Kg1 Kd6 42. Kf1 Kc5 43. Ke1 Kd6 44. Kd2 g5 45. Kc1
h5 46. h3 h4 47. Kb2 Kc5 48. Kxb3 Kd6 49. Kc4 Kd7 50. Kb5 Kc7 51. Kxa5 Kd6
52. Kb5 Kc7 53. a5 Kd6 54. a6 Kc7 55. d6+ Kxd6 56. a7 Kd7 57. a8=Q Kd6 58.
Qd8+ Ke6 59. Bc4# {Black checkmated} 1-0

[Event "ICC tourney 2009 (45 10)"]
[Site "Internet Chess Club"]
[Date "2020.09.19"]
[Round "4"]
[White "Deveshc"]
[Black "marinaxiao"]
[Result "0-1"]
[ICCResult "White checkmated"]
[WhiteElo "1484"]
[BlackElo "1419"]
[Opening "Sicilian: Smith-Morra gambit"]
[ECO "B21"]
[NIC "SI.48"]
[Time "18:31:30"]
[TimeControl "2700+10"]

1. e4 c5 2. d4 cxd4 3. c3 dxc3 4. Nxc3 e6 5. Nf3 Nf6 6. Bc4 Nc6 7. O-O Bc5
8. Bg5 h6 9. Bh4 g5 10. Bg3 d6 11. Nb5 Nxe4 12. Qe2 f5 13. Rfd1 a6 14. Nc3
Nxc3 15. bxc3 f4 16. Bxf4 gxf4 17. Qe4 Qf6 18. Re1 Bd7 19. Rab1 O-O-O 20.
Qc2 b5 21. Qb2 Na7 22. a4 Rde8 23. Bd3 Rhg8 24. axb5 Bxb5 25. Bxb5 Nxb5 26.
Qa2 Nc7 27. Qb3 Kd7 28. Qa4+ Ke7 29. Rb7 Rc8 30. Qc6 Kd8 31. Reb1 Qg7 32. g3
fxg3 33. Rd1 gxh2+ 34. Kf1 Qg2+ 35. Ke2 Qxf2+ 36. Kd3 Rf8 37. Ne5 Qf5+ 38.
Kc4 Qxe5 39. Kb3 Rg8 40. c4 Rg3+ 41. Ka4 Ra3# {White checkmated} 0-1

[Event "ICC tourney 2009 (45 10)"]
[Site "Internet Chess Club"]
[Date "2020.09.19"]
[Round "4"]
[White "HeJustin"]
[Black "michaelxiao"]
[Result "1-0"]
[ICCResult "Black resigns"]
[WhiteElo "1607"]
[BlackElo "1356"]
[Opening "Lengfellner system"]
[ECO "C01"]
[NIC "FR.01"]
[Time "18:31:27"]
[TimeControl "2700+10"]

1. e4 e6 2. d4 d6 3. Nf3 d5 4. e5 c5 5. c3 Nc6 6. Be2 cxd4 7. cxd4 Bb4+ 8.
Bd2 Bxd2+ 9. Qxd2 Nge7 10. Nc3 Ng6 11. O-O O-O 12. Rac1 Bd7 13. Nb5 Rc8 14.
Nd6 Rc7 15. Rc3 f6 16. exf6 Qxf6 17. Rfc1 Nf4 18. Bf1 Qg6 19. Kh1 Qg4 20. b4
a6 21. a4 e5 22. dxe5 d4 23. Nxd4 h5 24. b5 Nxd4 25. Rxc7 Nde2 26. Re1 h4
27. Rxe2 h3 28. g3 Qf3+ 29. Kg1 Nxe2+ 30. Qxe2 Qxe2 31. Bxe2 Be6 32. Rxb7
axb5 33. axb5 Ra8 34. f4 Ra1+ 35. Kf2 Rh1 36. f5 Bd5 37. Rb8+ Kh7 38. Bf3
Rxh2+ 39. Kg1 Bxf3 40. Kxh2 {Black resigns} 1-0

[Event "ICC tourney 2009 (45 10)"]
[Site "Internet Chess Club"]
[Date "2020.09.19"]
[Round "4"]
[White "jojoraman"]
[Black "tricksterssbu"]
[Result "0-1"]
[ICCResult "White checkmated"]
[WhiteElo "1357"]
[BlackElo "1704"]
[Opening "Scotch game"]
[ECO "C45"]
[NIC "SO.05"]
[Time "18:31:30"]
[TimeControl "2700+10"]

1. e4 e5 2. Nf3 Nc6 3. d4 exd4 4. Nxd4 Bc5 5. Be3 Qf6 6. c3 Nge7 7. Bc4 O-O
8. Qd2 h6 9. O-O Ne5 10. Bb3 Qg6 11. f3 d6 12. Nb5 Bxe3+ 13. Qxe3 c5 14. Rd1
Bh3 15. Qe2 Rfd8 16. Kh1 Be6 17. Nc7 Bxb3 18. axb3 Rac8 19. Nb5 a6 20. N5a3
N7c6 21. Nd2 Qe6 22. Ndc4 b5 23. Nb6 Rb8 24. Nd5 b4 25. cxb4 Nxb4 26. Nf4
Qf6 27. Nh3 Qe6 28. f4 Nec6 29. Nc4 Nd4 30. Rxd4 cxd4 31. Ra4 d5 32. f5 Qxe4
33. Qxe4 dxe4 34. Na5 d3 35. Ra1 e3 36. Re1 d2 37. Rg1 e2 38. Nf2 e1=Q 39.
h3 Qxf2 40. Kh2 Qf4+ 41. g3 Qf2+ 42. Kh1 d1=Q 43. Nc6 Qdxg1# {White
checkmated} 0-1

[Event "ICC tourney 2009 (45 10)"]
[Site "Internet Chess Club"]
[Date "2020.09.19"]
[Round "4"]
[White "wulovechess"]
[Black "fascimate"]
[Result "1-0"]
[ICCResult "Black checkmated"]
[WhiteElo "1421"]
[BlackElo "1737"]
[Opening "Sicilian: Najdorf, Lipnitzky attack"]
[ECO "B86"]
[NIC "SI.13"]
[Time "18:31:53"]
[TimeControl "2700+10"]

1. e4 c5 2. Nf3 d6 3. d4 cxd4 4. Nxd4 Nf6 5. Nc3 a6 6. Bc4 e6 7. O-O Nbd7 8.
Be3 Qc7 9. Qe2 b5 10. Bb3 b4 11. Na4 Nxe4 12. Rac1 Bb7 13. c3 bxc3 14. Nxc3
Nxc3 15. Rxc3 Qd8 16. Bxe6 Be7 17. Bxd7+ Qxd7 18. Bg5 f6 19. Bxf6 gxf6 20.
Qh5+ Kd8 21. Re1 Bc8 22. Nc6+ Kc7 23. Ne5+ Kd8 24. Nxd7 Bxd7 25. Qe2 Re8 26.
Qe3 Rb8 27. Qa7 Rc8 28. Qb6+ Rc7 29. Qxc7# {Black checkmated} 1-0

[Event "ICC tourney 2009 (45 10)"]
[Site "Internet Chess Club"]
[Date "2020.09.19"]
[Round "4"]
[White "ChessStar22"]
[Black "rpughiii"]
[Result "0-1"]
[ICCResult "White checkmated"]
[WhiteElo "1410"]
[BlackElo "1663"]
[Opening "Old Indian defense"]
[ECO "A54"]
[NIC "OI.04"]
[Time "18:32:13"]
[TimeControl "2700+10"]

1. d4 d6 2. c4 Nf6 3. Nc3 Nbd7 4. Nf3 e5 5. dxe5 dxe5 6. e3 Bb4 7. Bd2 c6 8.
a3 Be7 9. Be2 O-O 10. O-O Qc7 11. Qc2 b6 12. Bd3 Bb7 13. Ne4 c5 14. Nxf6+
Nxf6 15. Ng5 h6 16. Ne4 Rad8 17. Rfd1 Qc6 18. Nxf6+ Bxf6 19. e4 Rd6 20. f3
Rfd8 21. Be2 Qd7 22. Bc3 Qe7 23. Rxd6 Rxd6 24. Rd1 Bg5 25. Rxd6 Be3+ 26. Kf1
Qxd6 27. Qd3 Bd4 28. Bxd4 Qxd4 29. Qxd4 cxd4 30. Ke1 Kf8 31. Kd2 Ke7 32. b4
Ke6 33. g4 g6 34. h4 f5 35. Kd3 f4 36. g5 hxg5 37. hxg5 a5 38. c5 bxc5 39.
bxa5 Ba6+ 40. Kd2 c4 41. Bf1 Kd6 42. Be2 Kc5 43. Bd1 Kb5 44. Kc2 Kxa5 45.
Kb2 Kb5 46. Kc2 Kc5 47. Kb2 c3+ 48. Kb3 Bc4+ 49. Kc2 Kb5 50. Kb1 d3 51. Kc1
Ka5 52. a4 Be6 53. Bc2 dxc2 54. Kxc2 Kxa4 55. Kxc3 Kb5 56. Kd2 Kc4 57. Kc2
Kd4 58. Kd2 Bh3 59. Ke2 Kc3 60. Kf2 Kd3 61. Kg1 Ke2 62. Kh2 Bf1 63. Kg1 Kxf3
64. Kxf1 Kxe4 65. Ke2 Kd4 66. Kd2 e4 67. Ke2 Ke5 68. Kf2 Kf5 69. Ke2 Kxg5
70. Kf2 Kg4 71. Ke2 Kg3 72. Kf1 e3 73. Ke1 f3 74. Kf1 g5 75. Ke1 Kg2 76. Kd1
f2 77. Ke2 f1=Q+ 78. Kxe3 Qf3+ 79. Kd4 Kf2 80. Ke5 Ke3 81. Kd6 Qe4 82. Kc5
Qd3 83. Kb4 Qc2 84. Kb5 Qc3 85. Kb6 Qc4 86. Kb7 Qc5 87. Kb8 Qc6 88. Ka7 Qb5
89. Ka8 Kd4 90. Ka7 Kc5 91. Ka8 Kc6 92. Ka7 Qb7# {White checkmated} 0-1

[Event "ICC tourney 2009 (45 10)"]
[Site "Internet Chess Club"]
[Date "2020.09.19"]
[Round "4"]
[White "VincentT2008"]
[Black "DanielA1926"]
[Result "0-1"]
[ICCResult "White resigns"]
[WhiteElo "1833"]
[BlackElo "1553"]
[Opening "King's Indian: 4.e4"]
[ECO "E70"]
[NIC "KI.32"]
[Time "18:31:33"]
[TimeControl "2700+10"]

1. d4 g6 2. c4 Bg7 3. Nc3 Nf6 4. e4 O-O 5. f3 c6 6. Be3 d5 7. e5 Ne8 8. Qd2
e6 9. cxd5 cxd5 10. Bd3 Qb6 11. Nge2 Bd7 12. h4 Nc7 13. h5 Nb5 14. hxg6 fxg6
15. Bh6 Rf7 16. Na4 Qd8 17. Nc5 Qb6 18. Bxg7 Rxg7 19. Qf4 Nc6 20. Bxb5 Qxb5
21. Kf2 Rf8 22. Qg4 Rf5 23. Rab1 Nb4 24. Ng3 h5 25. Qh4 Rf8 26. a3 Na6 27.
Rhc1 Nxc5 28. Rxc5 Qd3 29. Re1 g5 30. Qxh5 Qxd4+ 31. Ke2 Qxc5 32. Rh1 Bb5+
33. Kd2 Qd4+ 34. Ke1 Qe3+ {White resigns} 0-1

[Event "ICC tourney 2009 (45 10)"]
[Site "Internet Chess Club"]
[Date "2020.09.19"]
[Round "4"]
[White "chessfirelord"]
[Black "fhunfi"]
[Result "1-0"]
[ICCResult "Black resigns"]
[WhiteElo "1591"]
[BlackElo "1727"]
[Opening "Dutch defense, Rubinstein variation"]
[ECO "A40"]
[NIC "QO.17"]
[Time "18:31:55"]
[TimeControl "2700+10"]

1. d4 e6 2. c4 f5 3. Nc3 Nf6 4. Bg5 Bb4 5. e3 O-O 6. Nf3 b6 7. Bd3 Bb7 8.
O-O Bxc3 9. bxc3 h6 10. Bh4 g5 11. Bg3 Ne4 12. Nd2 d5 13. cxd5 exd5 14. Rc1
Nd7 15. c4 Ba6 16. Nxe4 fxe4 17. Be2 Nf6 18. cxd5 Bxe2 19. Qxe2 Nxd5 20. Rc6
Rf6 21. Qc4 Kh7 22. Rxf6 Nxf6 23. Qf7+ Kh8 24. Be5 {Black resigns} 1-0

[Event "ICC tourney 2009 (45 10)"]
[Site "Internet Chess Club"]
[Date "2020.09.19"]
[Round "4"]
[White "AJ2000"]
[Black "DLWarrior"]
[Result "0-1"]
[ICCResult "White resigns"]
[WhiteElo "1703"]
[BlackElo "1930"]
[Opening "French: Tarrasch, open variation"]
[ECO "C07"]
[NIC "FR.18"]
[Time "18:31:33"]
[TimeControl "2700+10"]

1. e4 e6 2. d4 d5 3. Nd2 c5 4. Ngf3 cxd4 5. Nxd4 Nf6 6. exd5 Nxd5 7. N2f3
Bb4+ 8. Bd2 O-O 9. Bd3 Nc6 10. Nxc6 bxc6 11. O-O Qc7 12. Re1 Rd8 13. a3 Bxd2
14. Qxd2 Nf4 15. Re3 Ba6 16. Ne1 c5 17. Qc3 c4 18. Be4 Rac8 19. Nf3 f5 20.
Bxf5 exf5 21. Rae1 Nd5 {White resigns} 0-1

[Event "ICC tourney 2009 (45 10)"]
[Site "Internet Chess Club"]
[Date "2020.09.19"]
[Round "4"]
[White "karuto2006"]
[Black "lmperfectFocus"]
[Result "1/2-1/2"]
[ICCResult "Game drawn by mutual agreement"]
[WhiteElo "1767"]
[BlackElo "1621"]
[Opening "Ruy Lopez: closed, anti-Marshall 8.a4"]
[ECO "C88"]
[NIC "RL.18"]
[Time "18:31:33"]
[TimeControl "2700+10"]

1. e4 e5 2. Nf3 Nc6 3. Bb5 a6 4. Ba4 Nf6 5. O-O Be7 6. Re1 b5 7. Bb3 O-O 8.
a4 Bb7 9. c3 d6 10. d4 exd4 11. cxd4 d5 12. e5 Ne4 13. Nc3 Na7 14. Bc2 Nxc3
15. bxc3 c5 16. Qd3 g6 17. Bh6 Re8 18. e6 Bf8 19. Ng5 f5 20. Bxf8 Qxg5 21.
Bxc5 Bc6 22. Qe2 bxa4 23. e7 Qf6 24. Bxa4 Bxa4 25. Rxa4 Nb5 26. Qf3 Qf7 27.
Re5 Kg7 28. h4 h5 29. Qe3 Nc7 30. Bb4 Qf6 {Game drawn by mutual agreement}
1/2-1/2

[Event "ICC tourney 2009 (45 10)"]
[Site "Internet Chess Club"]
[Date "2020.09.19"]
[Round "4"]
[White "dmutalam"]
[Black "Niteshc"]
[Result "1/2-1/2"]
[ICCResult "Game drawn by mutual agreement"]
[WhiteElo "1598"]
[BlackElo "1645"]
[Opening "Caro-Kann: Tartakower (Nimzovich) variation"]
[ECO "B15"]
[NIC "CK.06"]
[Time "18:31:30"]
[TimeControl "2700+10"]

1. e4 c6 2. d4 d5 3. Nc3 dxe4 4. Nxe4 Nf6 5. Nxf6+ exf6 6. Nf3 Bd6 7. Bd3
O-O 8. O-O Bg4 9. h3 Bh5 10. c3 Nd7 11. Be3 Nb6 12. Be2 Nd5 13. Bd2 Bc7 14.
Nh4 Bxe2 15. Qxe2 Qd6 16. g3 Rfe8 17. Qg4 g6 18. Rfe1 h5 19. Qf3 Qd7 20. c4
Nb6 21. Qxf6 Bd8 22. Rxe8+ Qxe8 23. Qf3 Nxc4 24. Re1 Qd7 25. Bc3 Bg5 26. Kg2
Re8 27. Qd1 Bxh4 28. gxh4 Qd5+ 29. Kg1 Rxe1+ 30. Qxe1 Qe6 31. Qxe6 fxe6 32.
Kg2 Kf7 33. Kf3 b5 34. a3 a5 35. Kf4 b4 36. axb4 axb4 37. Bxb4 Nxb2 38. Ke4
Nd1 39. Be1 Kf6 40. f4 Nb2 41. Bc3 Na4 42. Ba1 {Game drawn by mutual
agreement} 1/2-1/2

[Event "ICC tourney 2009 (45 10)"]
[Site "Internet Chess Club"]
[Date "2020.09.19"]
[Round "4"]
[White "Theutltl"]
[Black "KittiesRock18"]
[Result "0-1"]
[ICCResult "White checkmated"]
[WhiteElo "1268"]
[BlackElo "1376"]
[Opening "Sicilian: modern Scheveningen"]
[ECO "B58"]
[NIC "SI.22"]
[Time "18:31:27"]
[TimeControl "2700+10"]

1. e4 c5 2. Nf3 d6 3. d4 cxd4 4. Nxd4 Nf6 5. Nc3 Nc6 6. Be2 e6 7. O-O Be7 8.
Be3 O-O 9. Qd2 e5 10. Nb3 Ng4 11. Bxg4 Bxg4 12. Nd5 b6 13. f3 Be6 14. Nxe7+
Nxe7 15. Rfd1 d5 16. exd5 Bxd5 17. Bf2 Qc7 18. Qe2 Bc4 19. Qe4 Rad8 20. c3
f6 21. Qc2 Nd5 22. Nd2 Ba6 23. Ne4 Nf4 24. Rxd8 Rxd8 25. Rd1 Ne2+ 26. Kh1
Kh8 27. Rxd8+ Qxd8 28. g3 f5 29. Nd2 Qd7 30. Kg2 e4 31. fxe4 Bd3 32. Qd1
Bxe4+ 33. Kf1 Bd3 34. Kg2 f4 35. Nf3 Qd5 36. a3 Qe4 37. Qb3 Ng1 38. Bxg1
Qe2+ 39. Bf2 Qf1# {White checkmated} 0-1

[Event "ICC tourney 2009 (45 10)"]
[Site "Internet Chess Club"]
[Date "2020.09.19"]
[Round "4"]
[White "bonnelleo1"]
[Black "Mapking1"]
[Result "0-1"]
[ICCResult "White checkmated"]
[WhiteElo "1853"]
[BlackElo "1688"]
[Opening "King's Indian: London system"]
[ECO "A48"]
[NIC "QP.03"]
[Time "18:31:29"]
[TimeControl "2700+10"]

1. d4 Nf6 2. Nf3 g6 3. Bf4 Bg7 4. e3 c5 5. c3 O-O 6. Nbd2 d5 7. h3 Nc6 8.
Be2 Re8 9. O-O a6 10. a4 Nd7 11. Re1 e5 12. dxe5 Ndxe5 13. Nxe5 Nxe5 14. Nf3
Nxf3+ 15. Bxf3 Be6 16. Qc2 Qb6 17. a5 Qb5 18. Bc7 Rac8 19. Bb6 d4 20. Be2
Bc4 21. Bxc4 Qxc4 22. Ra4 Qb5 23. c4 Qc6 24. Ra3 Re7 25. Rd3 Rce8 26. Red1
dxe3 27. fxe3 Rxe3 28. Rxe3 Rxe3 29. Rd8+ Re8 30. Rxe8+ Qxe8 31. Bc7 Bd4+
32. Kh2 Qe1 33. h4 Qxh4# {White checkmated} 0-1

[Event "ICC tourney 2009 (45 10)"]
[Site "Internet Chess Club"]
[Date "2020.09.19"]
[Round "4"]
[White "Jonjons"]
[Black "Eagle2020"]
[Result "1-0"]
[ICCResult "Black checkmated"]
[WhiteElo "1753"]
[BlackElo "1584"]
[Opening "QGD: Semi-Tarrasch, 5.cd"]
[ECO "D41"]
[NIC "TD.12"]
[Time "18:31:19"]
[TimeControl "2700+10"]

1. d4 e6 2. c4 d5 3. Nc3 Nf6 4. Nf3 c5 5. cxd5 exd5 6. Bg5 Be6 7. e4 cxd4 8.
Qxd4 Nc6 9. Bb5 dxe4 10. Bxf6 gxf6 11. Qxe4 Rc8 12. Nd4 Qd6 13. Rd1 Qe5 14.
O-O Qxe4 15. Nxe4 Be7 16. Rfe1 O-O 17. Bxc6 bxc6 18. Nxe6 fxe6 19. Rd7 Bb4
20. Red1 Rf7 21. a3 Bf8 22. Rxf7 Kxf7 23. Rd7+ Kg6 24. h4 c5 25. Rxa7 c4 26.
Rd7 Rb8 27. Rd2 f5 28. Nc3 Bg7 29. Nd1 Be5 30. Rc2 Rc8 31. g3 Rd8 32. Ne3
Rc8 33. Nxc4 Bxb2 34. Ne5+ Bxe5 35. Rxc8 Bd6 36. a4 f4 37. Kg2 e5 38. Rc6
Kf5 39. Rxd6 h5 40. a5 Kg4 41. Rf6 f3+ 42. Kh2 e4 43. Rf4# {Black
checkmated} 1-0

[Event "ICC tourney 2009 (45 10)"]
[Site "Internet Chess Club"]
[Date "2020.09.19"]
[Round "4"]
[White "speedyplot"]
[Black "StevChess01"]
[Result "1-0"]
[ICCResult "Black checkmated"]
[WhiteElo "1771"]
[BlackElo "1887"]
[Opening "Sicilian: O'Kelly variation"]
[ECO "B28"]
[NIC "SI.43"]
[Time "18:31:48"]
[TimeControl "2700+10"]

1. e4 c5 2. Nf3 a6 3. d4 cxd4 4. Nxd4 Nf6 5. Bd3 Nc6 6. Nf3 e5 7. O-O Bc5 8.
h3 O-O 9. Nc3 h6 10. Nd5 d6 11. c4 Be6 12. a3 Nd4 13. Be3 Nxf3+ 14. Qxf3
Bxe3 15. Nxf6+ Qxf6 16. Qxf6 gxf6 17. fxe3 Kg7 18. a4 Rac8 19. b3 b5 20.
cxb5 axb5 21. Bxb5 Bxb3 22. Be2 Bc2 23. Bf3 Ra8 24. a5 Bd3 25. Rfd1 Ba6 26.
Rxd6 Rfc8 27. Bg4 Rc5 28. Kf2 Ra7 29. Ra3 Kg6 30. Bf5+ Kg5 31. Kg3 h5 32.
h4+ Kh6 33. Rxf6+ Kg7 34. Rd6 f6 35. Kf3 Rc2 36. Ra1 Be2+ 37. Kg3 Ba6 38.
Rb1 Rc5 39. Rbb6 Rxa5 40. Rxf6 Bc4 41. Rg6+ Kf7 42. Rh6 Kg8 43. Rb8+ Kg7 44.
Rh7+ Kf6 45. Rb6+ Be6 46. Rxe6# {Black checkmated} 1-0